 Dungeon Crawl Stone Soup version 0.28-a0-627-g4e9751bbfc (webtiles) character file.

Game seed: 16275298622379056861

58470 KristoblXynda the Carver (level 14, -13/122 HPs)
             Began as a White Draconian Gladiator on Oct 8, 2021.
             Was the Champion of Okawaru.
             Mangled by an alligator simulacrum (15 damage)
             ... in an ice cave.
             The game lasted 00:37:34 (22037 turns).

KristoblXynda the Carver (DrGl)                    Turns: 22037, Time: 00:37:35

Health: -13/122    AC: 14    Str: 25    XL:     14   Next: 49%
Magic:  17/17      EV: 18    Int:  9    God:    Okawaru [******]
Gold:   816        SH: 13    Dex: 15    Spells: 15/18 levels left

rFire   + . .      SeeInvis .   s - +5 scimitar (flame)
rCold   + . .      Faith    .   M - +3 buckler {rF+}
rNeg    . . .      Spirit   .   (armour unavailable)
rPois   +          Reflect  +   b - +2 hat
rElec   +          Harm     .   G - +1 cloak "Puukhleh" {Rampage rElec Str+4 Stlth+}
rCorr   .          Rampage  +   I - +0 pair of gloves of Distant Worlds {Drain Str-4 Dex+5 Slay+2}
Will    ++...                   O - +0 pair of boots of the Pit {Str+6 Dex-3}
Stlth   ++++......              j - amulet of reflection
HPRegen 0.30/turn               a - +4 ring of slaying
MPRegen 0.15/turn               F - ring "Noxoereg" {rPois Will+ Int-2 Slay+3}

@: no status effects
A: breathe frost, AC +8, unfitting armour, cold resistance 1, cold-blooded
a: Breathe Frost, Renounce Religion, Heroism, Finesse, Duel


You were in an ice cave.
You worshipped Okawaru.
Okawaru was exalted by your worship.
You visited 2 branches of the dungeon, and saw 16 of its levels.
You also visited: Sewer, Ossuary, Bailey and Ice Cave.

You collected 2012 gold pieces.
You spent 1196 gold pieces at shops.

Inventory:

Hand Weapons
 d - the +9 hunting sling "Xirresum" {freeze, Str+6}
   (Okawaru gifted it to you in a bailey)

   Any ammunition fired from it freezes those it strikes, dealing additional
   cold damage.
   It can also slow down cold-blooded creatures.
   Str:       It affects your strength (+6).
 s - a +5 scimitar of flaming (weapon)
 A - a +2 scimitar of venom
Missiles
 c - 9 throwing nets (quivered)
Armour
 b - a +2 hat (worn)
 v - a +2 cloak of stealth
 G - the +1 cloak "Puukhleh" (worn) {Rampage rElec Str+4 Stlth+}
   (You bought it in a shop on level 5 of the Dungeon)

   Str:       It affects your strength (+4).
   rElec:     It insulates you from electricity.
   Rampage:   It bestows one free step when moving towards enemies.
   Stlth:     It makes you more stealthy.
 I - the +0 pair of gloves of Distant Worlds (worn) {Drain Str-4 Dex+5 Slay+2}
   (Okawaru gifted it to you on level 10 of the Dungeon)

   Str:       It affects your strength (-4).
   Dex:       It affects your dexterity (+5).
   Slay:      It affects your accuracy & damage with ranged weapons and melee
   (+2).
   Drain:     It drains your maximum health when unequipped.
 M - a +3 buckler of fire resistance (worn)
 O - the +0 pair of boots of the Pit (worn) {Str+6 Dex-3}
   (Okawaru gifted it to you on level 14 of the Dungeon)

   Str:       It affects your strength (+6).
   Dex:       It affects your dexterity (-3).
Jewellery
 a - a +4 ring of slaying (left hand)
 j - an amulet of reflection (around neck)
 n - a ring of positive energy
 u - a ring of protection from fire
 F - the ring "Noxoereg" (right hand) {rPois Will+ Int-2 Slay+3}
   (You bought it in a shop on level 5 of the Dungeon)

   [ring of willpower]

   Int:       It affects your intelligence (-2).
   Slay:      It affects your accuracy & damage with ranged weapons and melee
   (+3).
   rPois:     It protects you from poison.
   Will:      It increases your willpower.
Wands
 y - a wand of acid (11)
 K - a wand of iceblast (19)
Scrolls
 g - 2 scrolls of blinking
 h - a scroll of silence
 m - a scroll of amnesia
 o - 6 scrolls of enchant armour
 q - 5 scrolls of teleportation
 r - 3 scrolls of fear
 B - 3 scrolls of magic mapping
 H - a scroll of enchant weapon
 L - a scroll of fog
 N - a scroll of immolation
 P - a scroll of identify
Potions
 e - 3 potions of invisibility
 f - 6 potions of curing
 i - 6 potions of ambrosia
 k - 2 potions of heal wounds
 l - 4 potions of brilliance
 p - 4 potions of flight
 t - 2 potions of magic
 w - 7 potions of might
 x - 2 potions of berserk rage
 z - 5 potions of cancellation
 C - 3 potions of lignification
 D - 4 potions of haste
 E - 3 potions of resistance
 J - 2 potions of mutation


   Skills:
 - Level 10.6 Fighting
 + Level 14.1 Long Blades
 - Level 2.0 Throwing
 + Level 11.5 Dodging
 + Level 4.1 Stealth
 - Level 4.0 Shields
 + Level 2.6 Spellcasting
 - Level 10.0 Ice Magic
 - Level 10.0 Evocations


You had 15 spell levels left.
You knew the following spells:

 Your Spells              Type           Power      Damage    Failure   Level
a - Ozocubu's Armour      Ice            19%        N/A       1%          3

Your spell library contained the following spells:

 Spells                   Type           Power      Damage    Failure   Level
 Freeze                   Ice            76%        1d9       1%          1
 Frozen Ramparts          Ice            38%        1d5       1%          3
 Sandblast                Erth           2%         2d4       32%         1
 Hailstorm                Conj/Ice       10%        3d5       36%         4
 Passwall                 Tmut/Erth      0%         N/A       43%         2
 Scorch                   Fire           2%         2d5       43%         2
 Stone Arrow              Conj/Erth      2%         3d7       67%         3
 Metabolic Englaciation   Hex/Ice        5%         N/A       73%         5
 Flame Wave               Conj/Fire      1%         3d3       97%         4
 Passage of Golubria      Tloc           N/A        N/A       97%         4
 Blade Hands              Tmut           0%         N/A       100%        5
 Silence                  Hex/Air        0%         N/A       100%        5
 Iron Shot                Conj/Erth      0%         9d1       100%        6
 Lehudib's Crystal Spear  Conj/Erth      0%         10d2      100%        8
 Animate Armour           Summ/Erth      Unusable   N/A       N/A         4
 Simulacrum               Ice/Necr       Unusable   N/A       N/A         6
 Summon Cactus Giant      Summ           Unusable   N/A       N/A         6

Dungeon Overview and Level Annotations

Branches:
Dungeon (15/15)            Temple (1/1) D:4            Lair (0/6) D:10
    Orc (0/2) D:11         Vaults (0/5) D:14         Depths (0/4) D:15
  Sewer (visited)         Ossuary (visited)          Bailey (visited)
  IceCv (1/1)

Altars:
Ashenzari
Cheibriados
Dithmenos
Elyvilon
Fedhas
Gozag
Hepliaklqana
Kikubaaqudgha
Makhleb
Nemelex Xobeh
Okawaru
Qazlal
Ru
Sif Muna
Trog
Uskayaw
Vehumet
Wu Jian
Xom
Yredelemnul
Zin
The Shining One

Shops:
D:5 (?=[(   D:9 (


Innate Abilities, Weirdness & Mutations

You can breathe waves of freezing cold which knock back foes.
Your icy white scales are hard. (AC +8)
You cannot fit into any form of body armour.
Your flesh is cold resistant. (rC+)
You are cold-blooded and may be slowed by cold attacks.


Message History

You slice the ice devil!! You burn the ice devil.
The ice devil is severely wounded.
A minotaur simulacrum comes into view.
The alligator simulacrum bites you but does no damage.
The alligator simulacrum barely misses you.
You block the ice devil's attack.
Unknown command.
You slash the ice devil! You burn the ice devil!
You kill the ice devil!
Okawaru accepts your kill. The alligator simulacrum bites you!
The alligator simulacrum freezes you! You resist.
You block the alligator simulacrum's attack.
You completely miss the alligator simulacrum.
You tail-slap the alligator simulacrum, but do no damage.
The spriggan defender simulacrum misses you.
You slash the alligator simulacrum!
You melt the alligator simulacrum.
Your tail-slap misses the alligator simulacrum.
The alligator simulacrum is heavily damaged.
The spriggan defender simulacrum hits you.
The spriggan defender simulacrum freezes you!!
You resist.
You block the alligator simulacrum's attack.
The alligator simulacrum misses you.
The spriggan defender simulacrum hits you!
The spriggan defender simulacrum freezes you!
You resist.
* * * LOW HITPOINT WARNING * * *
You slice the spriggan defender simulacrum!!
You melt the spriggan defender simulacrum!
The spriggan defender simulacrum is severely damaged.
The spriggan defender simulacrum hits you.
* * * LOW HITPOINT WARNING * * *
The spriggan defender simulacrum freezes you!!
You resist.
* * * LOW HITPOINT WARNING * * *
The alligator simulacrum bites you!
* * * LOW HITPOINT WARNING * * *
The alligator simulacrum freezes you! You resist.
You die...

#####
##...###
#...@Z.#
#..##Z..#
#...##.Z.#
##..####...#
#...## #...#
#....# ..##
#∩..## .#
##..∩# #
#####


You could see an alligator simulacrum, a spriggan defender simulacrum and a
minotaur simulacrum.

Vanquished Creatures
  Kirke (D:12)
  2 minotaurs (D:14)
  A fire dragon (D:14)
  Harold (D:7)
  3 hydras
  3 boulder beetles
  A centaur warrior (D:15)
  4 two-headed ogres
  A tengu warrior (D:13)
  4 death yaks (D:14)
  A death yak (shapeshifter) (D:14)
  Urug (D:10)
  The ghost of TimeIsEndless the Fighter, a novice OgWr (D:6)
  2 wizards (D:14)
  A phantasmal warrior (D:14)
  6 orc knights (Bailey)
  4 ugly things
  A deep elf pyromancer (D:15)
  5 cyclopes
  2 manticores
  5 slime creatures
  Maurice (D:10)
  A cane toad (shapeshifter) (D:15)
  Maggie (D:6)
  A kobold demonologist (D:12)
  An ice devil (IceCv)
  9 yaktaurs (D:14)
  A tengu conjurer (D:13)
  A queen bee (D:9)
  3 meliai (D:14)
  4 trolls
  A hornet (D:9)
  Prince Ribbit (D:6)
  3 shadows
  4 wraiths
  A tarantella (shapeshifter) (D:14)
  2 hogs (D:12)
  2 water elementals
  Grum (D:11)
  Eustachio (D:4)
  4 humans (D:12)
  16 yaks
  13 vampire mosquitoes
  An acid dragon (D:14)
  2 water moccasins (D:6)
  Duvessa (D:5)
  An ice beast (D:8)
  13 orc warriors
  A black bear (D:7)
  5 ogres
  3 wolves (D:11)
  A centaur (D:9)
  3 phantoms
  An elf zombie (Ossuary)
  2 kobold brigands
  A deep troll simulacrum (IceCv)
  A bullfrog (D:8)
  2 scorpions
  17 killer bees (D:9)
  Dowan (D:5)
  11 wights
  6 howler monkeys
  11 electric eels
  A bullfrog zombie (D:4)
  2 jellies
  9 centaur zombies
  7 orc priests
  2 hounds (D:5)
  Crazy Yiuf (D:4)
  A centaur skeleton (D:5)
  An iguana (D:5)
  Natasha (thrice) (D:4)
  13 orc wizards
  2 hound skeletons (D:4)
  3 mummies (Ossuary)
  A howler monkey zombie (D:10)
  17 gnolls
  2 adders
  2 river rats
  A shadow imp (D:6)
  A white imp (D:7)
  An ufetubus (D:4)
  3 worms
  3 dart slugs
  81 orcs
  2 bats (D:3)
  7 endoplasms
  3 giant cockroaches
  17 goblins
  8 hobgoblins
  6 jackals
  13 kobolds
  6 quokkas
  8 ball pythons
  4 frilled lizards
  4 goblin zombies (Ossuary)
  A hobgoblin zombie (Ossuary)
  3 kobold zombies (Ossuary)
  10 rats
455 creatures vanquished.

Vanquished Creatures (others)
  A vampire mosquito (D:10)
  A fungus (D:4)
  11 plants
13 creatures vanquished.

Grand Total: 468 creatures vanquished

Notes
Turn   | Place    | Note
-------+----------+-------------------------------------------
     0 | D:1      | KristoblXynda the Draconian Gladiator began the quest for
                  | the Orb.
     0 | D:1      | Reached XP level 1. HP: 17/17 MP: 1/1
   203 | D:1      | Reached XP level 2. HP: 25/25 MP: 2/2
   875 | D:2      | Reached XP level 3. HP: 30/30 MP: 3/3
  1054 | D:2      | You fall into a shaft and drop 1 floor!
  1191 | D:3      | Found a hazy altar of Hepliaklqana.
  1654 | D:3      | Reached skill level 4 in Long Blades
  1654 | D:3      | Reached XP level 4. HP: 25/38 MP: 4/4
  1663 | D:3      | Found a glowing drain.
  1677 | Sewer    | Entered a sewer
  1863 | Sewer    | Noticed a kobold brigand
  1888 | Sewer    | Killed a kobold brigand
  1889 | Sewer    | Reached XP level 5. HP: 7/45 MP: 5/5
  2166 | Sewer    | Found a white marble altar of Elyvilon.
  2401 | D:2      | Noticed a phantom
  2410 | D:2      | Killed a phantom
  2411 | D:2      | Reached skill level 5 in Long Blades
  2825 | D:4      | Reached XP level 6. HP: 39/52 MP: 6/6
  3333 | D:4      | Found a staircase to the Ecumenical Temple.
  3356 | Temple   | Entered the Ecumenical Temple
  3601 | Temple   | Became a worshipper of Warmaster Okawaru
  3775 | D:4      | Noticed Natasha
  3795 | D:4      | Killed Natasha
  3926 | D:4      | Noticed Eustachio
  3958 | D:4      | Your scales start taking on an icy white colour.
  3958 | D:4      | Reached XP level 7. HP: 60/60 MP: 7/7
  3958 | D:4      | Gained mutation: Your flesh is cold resistant. (rC+) [White
                  | Draconian growth]
  3969 | D:4      | Found a runed translucent door.
  3970 | D:4      | Noticed Crazy Yiuf
  3981 | D:4      | Killed Crazy Yiuf
  3982 | D:4      | Reached skill level 6 in Long Blades
  4309 | D:4      | Noticed Natasha
  4314 | D:4      | Killed Natasha
  4368 | D:4      | Noticed Natasha
  4388 | D:4      | Killed Natasha
  4442 | D:4      | Killed Eustachio
  4443 | D:4      | Reached skill level 5 in Fighting
  4580 | D:5      | Entered Level 5 of the Dungeon
  4630 | D:5      | Reached * piety under Okawaru
  4756 | D:5      | Noticed Dowan
  4756 | D:5      | Noticed Duvessa
  4765 | D:5      | Killed Dowan
  5096 | D:5      | Found Enahah's Magic Scroll Shop.
  5134 | D:5      | Reached skill level 7 in Long Blades
  5522 | D:5      | Found Tiggot's Weapon Shop.
  5636 | D:5      | Reached skill level 5 in Dodging
  5636 | D:5      | Reached XP level 8. HP: 55/69 MP: 8/8
  5756 | D:5      | Killed Duvessa
  5767 | D:5      | Found Dairphapp's Armour Boutique.
  5903 | D:5      | Found Uskures's Weapon Shoppe.
  6409 | D:5      | Reached ** piety under Okawaru
  6570 | D:5      | Reached skill level 8 in Long Blades
  6645 | D:5      | Found Vyiquv's Jewellery Boutique.
  7468 | D:6      | Noticed Prince Ribbit
  7476 | D:6      | Killed Prince Ribbit
  7477 | D:6      | Reached XP level 9. HP: 78/78 MP: 9/9
  7481 | D:6      | Learned a level 3 spell: Stone Arrow
  7513 | D:6      | Reached skill level 9 in Long Blades
  7556 | D:6      | Noticed TimeIsEndless's ghost (novice OgWr)
  7558 | D:6      | Found a transporter.
  7582 | D:6      | Found a transporter.
  7600 | D:6      | Noticed Maggie
  7619 | D:6      | Killed Maggie
  7797 | D:6      | Reached *** piety under Okawaru
  8536 | D:7      | Noticed Harold
  8555 | D:7      | Killed Harold
  8556 | D:7      | Reached skill level 10 in Long Blades
  8952 | D:8      | Found a sand-covered staircase.
  8963 | Ossuary  | Entered an ossuary
  9316 | Ossuary  | Reached skill level 1 in Evocations
  9316 | Ossuary  | Reached XP level 10. HP: 79/88 MP: 10/10
  9409 | D:8      | Identified a scroll of acquirement
  9409 | D:8      | Acquired 740 gold pieces
  9756 | D:8      | Reached **** piety under Okawaru
 10218 | D:5      | Bought the ring "Noxoereg" {rPois Will+ Int-2 Slay+3} for
                  | 535 gold pieces
 10249 | D:5      | Bought the +1 cloak "Puukhleh" {Rampage rElec Str+4 Stlth+}
                  | for 381 gold pieces
 10281 | D:5      | Bought a scroll of enchant weapon for 105 gold pieces
 10540 | D:6      | Killed TimeIsEndless's ghost
 11137 | D:9      | Found Alem's Antique Weapon Emporium.
 11159 | D:9      | Reached skill level 11 in Long Blades
 11176 | D:9      | Bought a glowing scimitar for 175 gold pieces
 11442 | D:9      | Reached ***** piety under Okawaru
 11541 | D:9      | Received a gift from Okawaru
 11796 | D:9      | Learned a level 3 spell: Ozocubu's Armour
 11961 | D:10     | Entered Level 10 of the Dungeon
 12157 | D:10     | Reached XP level 11. HP: 86/99 MP: 11/11
 12263 | D:10     | Identified the +0 pair of gloves of Distant Worlds {Drain
                  | Str-4 Dex+5 Slay+2} (Okawaru gifted it to you on level 10
                  | of the Dungeon)
 12263 | D:10     | Received a gift from Okawaru
 12579 | D:10     | Noticed Maurice
 12589 | D:10     | Killed Maurice
 12590 | D:10     | Reached skill level 5 in Evocations
 12651 | D:10     | Noticed Urug
 12660 | D:10     | Killed Urug
 12661 | D:10     | Reached skill level 10 in Fighting
 12745 | D:10     | Found a staircase to the Lair.
 13796 | D:11     | Noticed a two-headed ogre
 13802 | D:11     | Killed a two-headed ogre
 13995 | D:11     | Reached skill level 12 in Long Blades
 14137 | D:11     | Noticed a boulder beetle
 14145 | D:11     | Killed a boulder beetle
 14309 | D:11     | Noticed Grum
 14316 | D:11     | Killed Grum
 14324 | D:11     | Reached skill level 1 in Ice Magic
 14619 | D:11     | Noticed a seven-headed hydra
 14631 | D:11     | Killed a 14-headed hydra
 14688 | D:11     | Found a staircase to the Orcish Mines.
 15138 | D:11     | Noticed a cyan ugly thing
 15148 | D:11     | Killed a cyan ugly thing
 15281 | D:11     | Found a basalt altar of Yredelemnul.
 15591 | D:12     | Noticed a two-headed ogre
 15598 | D:12     | Killed a two-headed ogre
 15599 | D:12     | Reached XP level 12. HP: 100/108 MP: 12/12
 15725 | D:12     | Noticed a two-headed ogre
 15732 | D:12     | Killed a two-headed ogre
 16210 | D:12     | Noticed Kirke
 16227 | D:12     | Killed Kirke
 16228 | D:12     | Reached skill level 10 in Dodging
 16228 | D:12     | Reached skill level 5 in Ice Magic
 16591 | D:13     | Found a flagged portal.
 16699 | Bailey   | Entered a bailey
 17042 | Bailey   | Reached XP level 13. HP: 108/114 MP: 13/13
 17069 | Bailey   | Reached ****** piety under Okawaru
 17075 | Bailey   | Reached skill level 13 in Long Blades
 17235 | Bailey   | Identified the +9 hunting sling "Xirresum" {freeze, Str+6}
                  | (Okawaru gifted it to you in a bailey)
 17235 | Bailey   | Received a gift from Okawaru
 18174 | D:13     | Reached skill level 10 in Evocations
 18677 | D:13     | Reached skill level 1 in Shields
 19716 | D:14     | Reached skill level 10 in Ice Magic
 19716 | D:14     | Reached XP level 14. HP: 94/122 MP: 14/14
 20011 | D:14     | Reached skill level 1 in Stealth
 20692 | D:14     | Found a gate to the Vaults.
 20822 | D:14     | Identified the +0 pair of boots of the Pit {Str+6 Dex-3}
                  | (Okawaru gifted it to you on level 14 of the Dungeon)
 20822 | D:14     | Received a gift from Okawaru
 21045 | D:14     | Reached skill level 1 in Spellcasting
 21349 | D:14     | Reached skill level 14 in Long Blades
 21705 | D:15     | Entered Level 15 of the Dungeon
 21842 | D:15     | Found a frozen archway.
 21869 | IceCv    | Entered an ice cave
 22037 | IceCv    | HP: 2/122 [alligator simulacrum (7)]
 22037 | IceCv    | Mangled by an alligator simulacrum

Illustrated notes

Levels and vault maps discovered:
D:1:      saegor_arrival_simple_c, layout_loops_ring
D:2:      layout_basic, minmay_misc_feat_more_columns
D:3:      layout_loops_ring, worldfamousw_hep_ancestral_shrine,
          portal_sewer_entry_e
D:4:      layout_rooms, minmay_temple_entry_gardened_gates,
          minmay_ogre_servants, uniq_crazy_yiuf_cottage, uniq_natasha,
          uniq_eustachio
D:5:      layout_gridville, serial_shops, shop_fountains, shop,
          kennysheep_mini_moat, shop, kennysheep_little_box, corexii_shack,
          uniq_duvessa
D:6:      layout_basic, gammafunk_ghost_arena, uniq_maggie, uniq_prince_ribbit1
D:7:      layout_cave_pools, uniq_harold
D:8:      layout_gridville, lightli_ossuary_entry_decrepit_ruins
D:9:      layout_basic, serial_shops, shop, minivault_7
D:10:     minmay_goldmine, layout_stronghold, lair_entry_dummy,
          lemuel_flame_loot_1, uniq_urug, uniq_maurice
D:11:     layout_layer_cave, hiddenorc1_lemuel, serial_bayou,
          serial_bayou_shore_b, serial_bayou_lagoon_b, serial_bayou_ford_a,
          serial_bayou_shore_a, serial_bayou_shore_b, yredelemnul_altar_generic,
          uniq_grum
D:12:     layout_loops_ring, uniq_kirke
D:13:     layout_loops_corners, enter_bailey_5
D:14:     fort_yaktaur, layout_loops_ring, david_vaults_4, minivault_27
D:15:     grunt_enter_depths_magical_seal, layout_basic,
          gammafunk_ghost_hydra_chop, portal_ice_cave_entry_pillars_1
Temple:   nicolae_temple_the_god_donut
IceCv:    ice_cave_caverns_03

Skill      XL: |  1  2  3  4  5  6  7  8  9 10 11 12 13 14 |
---------------+-------------------------------------------+-----
Throwing       | 2 |  2.0
Dodging        | 3 4 5 6 7 8 9 10 11 | 11.5
Fighting       | 3 4 5 6 8 9 10 | 10.6
Long Blades    | 4 5 7 8 10 11 12 13 14 | 14.1
Evocations     | 1 4 6 9 10 | 10.0
Ice Magic      | 3 8 10 | 10.0
Shields        | 2 4 |  4.0
Stealth        | 4 |  4.1
Spellcasting   | 2 |  2.6

Action                   |  1- 3 |  4- 6 |  7- 9 | 10-12 | 13-15 || total
-------------------------+-------+-------+-------+-------+-------++-------
Melee: Long sword        |   116 |   190 |   336 |       |       ||   642
       Tailslap          |    12 |    25 |    56 |   114 |    77 ||   284
       Scimitar          |       |       |    81 |   583 |   342 ||  1006
 Abil: Breathe Frost     |       |       |     5 |       |     1 ||     6
Evoke: Wand              |       |       |       |     6 |    21 ||    27
  Use: Scroll            |     2 |     2 |    13 |    18 |     8 ||    43
       Potion            |       |       |     2 |     2 |     3 ||     7
 Stab: Sleeping          |     4 |     1 |     8 |     5 |     8 ||    26
       Paralysed         |       |       |       |    12 |    16 ||    28
       Distracted        |       |       |       |       |     1 ||     1
Armor: Skin              |    42 |    74 |   128 |   145 |    59 ||   448
Dodge: Dodged            |    78 |   147 |   305 |   379 |   162 ||  1071
Block: Other             |       |       |     4 |   112 |    19 ||   135
       Buckler           |       |       |       |       |   128 ||   128
       Reflection        |       |       |       |       |     4 ||     4

Table legend: (Time is in decaauts)
 A = Elapsed time spent in this place.
 B = Non-inter-level travel time spent in this place.
 C = Inter-level travel time spent in this place.
 D = Time resting spent in this place.
 E = Time spent auto-exploring this place.
 F = Levels seen in this place.
 G = Mean time per level.
                   A        B        C        D        E       F      G
               +--------+--------+--------+--------+--------+-----+--------+
         Total |  21976 |  21260 |    716 |   6493 |  10779 |  20 | 1098.8 |
       Dungeon |  19558 |  18842 |    716 |   5200 |  10191 |  15 | 1303.9 |
        Temple |    255 |    255 |      0 |      0 |    222 |   1 |  255.0 |
         Sewer |    562 |    562 |      0 |    389 |     15 |   1 |  562.0 |
       Ossuary |    440 |    440 |      0 |      0 |    350 |   1 |  440.0 |
        Bailey |    993 |    993 |      0 |    755 |      1 |   1 |  993.0 |
      Ice Cave |    165 |    165 |      0 |    148 |      0 |   1 |  165.0 |
               +--------+--------+--------+--------+--------+-----+--------+

Top non-repeatable levels by time:
    D:14: 2460 daAuts
     D:4: 2034 daAuts
     D:6: 2022 daAuts
    D:11: 1833 daAuts
     D:5: 1832 daAuts
    D:10: 1766 daAuts
    D:13: 1618 daAuts
     D:9: 1196 daAuts
  Bailey: 993 daAuts
    D:12: 944 daAuts
     D:1: 808 daAuts
     D:8: 770 daAuts
     D:3: 763 daAuts
     D:2: 735 daAuts
     D:7: 617 daAuts
